 Dungeon Crawl Stone Soup version 0.29.1-15-g9cfb28693d (webtiles) character file.

Game seed: 17011012056843496102

278211 Gabide the Cryomancer (level 18, -17/141 (151) HPs)
             Began as a Demigod Ice Elementalist on Apr 29, 2023.
             Demolished by a spriggan defender
             ... wielding a +5 quick blade
              (24 damage)
             ... on level 2 of the Depths.
             The game lasted 03:00:52 (51684 turns).

Gabide the Cryomancer (Demigod Ice Elementalist)   Turns: 51684, Time: 03:00:52

HP:   -17/141 (151) AC: 15    Str:  9    XL:     18   Next: 90%
MP:   19/39         EV: 20    Int: 49    God:
Gold: 2631          SH:  0    Dex: 21    Spells: 8/41 levels left

rFire   + . .      SeeInvis .   b - staff of cold
rCold   + + +      Faith    .   k - orb {light}
rNeg    . . .      Spirit   .   t - +2 robe {Will+}
rPois   +          Reflect  .   e - +1 helmet
rElec   .          Harm     .   X - +2 cloak "Ucib" {rF+ Dex+7}
rCorr   .          Rampage  .   x - +2 pair of gloves
Will    ++...                   T - +2 pair of boots
Stlth   +.........              q - amulet "Laphu" {RegenMP rC++ Int+2}
HPRegen 0.33/turn               j - ring of poison resistance
MPRegen 0.66/turn               N - +6 ring of intelligence

@: glowing, drained
A: high MP 1, forlorn, divine attributes
}: 2/15 runes: barnacled, gossamer
a: no special abilities


You were on level 2 of the Depths.
You visited 6 branches of the dungeon, and saw 32 of its levels.
You also visited: Sewer and Ice Cave.

You collected 4263 gold pieces.
You spent 1632 gold pieces at shops.

Inventory:

Hand Weapons
 a - a +7 short sword of electrocution
Armour
 e - a +1 helmet (worn)
 k - an orb of light (worn)
 t - a +2 robe of willpower (worn)
 x - a +2 pair of gloves (worn)
 A - a +0 troll leather armour
 O - a +1 pair of boots of rampaging
 T - a +2 pair of boots (worn)
 V - a +2 robe of resistance
 X - the +2 cloak "Ucib" (worn) {rF+ Dex+7}
   (You acquired it on level 13 of the Dungeon)

   Dex:       It affects your dexterity (+7).
   rF:        It protects you from fire.
Magical Staves
 b - a staff of cold (weapon)
Jewellery
 g - the ring of the Middle {rN+ rCorr MP+9 Dex-4 Stlth+}
   (You found it on level 12 of the Dungeon)

   [ring of magical power]

   Dex:       It affects your dexterity (-4).
   rN:        It protects you from negative energy.
   MP:        It affects your magic capacity (+9).
   rCorr:     It protects you from acid and corrosion.
   Stlth:     It makes you more stealthy.
 j - a ring of poison resistance (left hand)
 q - the amulet "Laphu" (around neck) {RegenMP rC++ Int+2}
   (You acquired it on level 13 of the Dungeon)

   [amulet of magic regeneration]

   It increases your rate of magic regeneration.
   Int:       It affects your intelligence (+2).
   rC:        It greatly protects you from cold.
 u - a ring of willpower
 v - a ring of flight
 C - a ring of ice
 K - a ring of see invisible
 N - a +6 ring of intelligence (right hand)
 Z - a ring of ice
Wands
 o - a wand of digging (12)
 p - a wand of mindburst (4)
 s - a wand of flame (96)
 D - a wand of iceblast (26)
 U - a wand of light (13)
Scrolls
 m - 3 scrolls of fear
 r - 3 scrolls of blinking
 y - 10 scrolls of teleportation
 E - 5 scrolls of vulnerability
 F - 6 scrolls of butterflies
 H - 3 scrolls of magic mapping
 I - 3 scrolls of immolation
 L - 4 scrolls of summoning
 M - 6 scrolls of poison
 P - a scroll of silence
Potions
 c - 11 potions of curing
 d - 14 potions of ambrosia
 f - 12 potions of attraction
 h - 6 potions of might
 i - 8 potions of flight
 l - 2 potions of berserk rage
 n - 6 potions of mutation
 w - 4 potions of haste
 z - 6 potions of brilliance
 B - 4 potions of lignification
 G - 3 potions of resistance
 J - a potion of heal wounds
 Q - 2 potions of invisibility
 W - a potion of cancellation
Miscellaneous
 R - a lightning rod (4/4)
 S - a condenser vane
 Y - a phial of floods


   Skills:
 - Level 11.0 Fighting
 - Level 6.5 Short Blades
 - Level 11.0 Staves
 - Level 11.0 Dodging
 - Level 2.0 Stealth
 + Level 12.2 Spellcasting
 - Level 22.0 Ice Magic
 - Level 11.0 Evocations


You had 8 spell levels left.
You knew the following spells:

 Your Spells              Type           Power      Damage    Failure   Level
a - Freeze                Ice            100%       1d11      0%          1
b - Frozen Ramparts       Ice            100%       1d16      0%          3
c - Ozocubu's Armour      Ice            100%       N/A       0%          3
d - Hailstorm             Conj/Ice       100%       3d20      1%          4
e - Blink                 Tloc           60%        N/A       1%          2
f - Freezing Cloud        Conj/Ice/Air   50%        6-21      1%          5
g - Simulacrum            Ice/Necr       59%        N/A       1%          6
h - Polar Vortex          Ice            76%        N/A       10%         9

Your spell library contained the following spells:

 Spells                   Type           Power      Damage    Failure   Level
 Apportation              Tloc           60%        N/A       1%          1
 Slow                     Hex            100%       N/A       1%          1
 Summon Small Mammal      Summ           100%       N/A       1%          1
 Static Discharge         Conj/Air       30%        3-7/arc   1%          2
 Call Canine Familiar     Summ           30%        N/A       2%          3
 Confusing Touch          Hex            30%        N/A       2%          3
 Conjure Flame            Conj/Fire      30%        6-21      2%          3
 Ignite Poison            Fire/Tmut/Pois 30%        N/A       2%          3
 Lesser Beckoning         Tloc           30%        N/A       2%          3
 Portal Projectile        Hex/Tloc       60%        N/A       2%          3
 Summon Guardian Golem    Hex/Summ       30%        N/A       2%          3
 Tukima's Dance           Hex            30%        N/A       2%          3
 Vampiric Draining        Necr           30%        2d8       2%          3
 Airstrike                Air            15%        2d(3-19)  8%          4
 Animate Armour           Summ/Erth      60%        N/A       8%          4
 Cause Fear               Hex            15%        N/A       8%          4
 Corpse Rot               Necr/Pois/Air  30%        N/A       8%          4
 Leda's Liquefaction      Hex/Erth       15%        N/A       8%          4
 Sticky Flame             Conj/Fire      30%        2d5       8%          4
 Summon Lightning Spire   Summ/Air       30%        N/A       8%          4
 Alistair's Intoxication  Tmut/Pois      20%        N/A       22%         5
 Blade Hands              Tmut           15%        N/A       22%         5
 Borgnjor's Vile Clutch   Necr/Erth      15%        N/A       22%         5
 Fireball                 Conj/Fire      15%        3d8       22%         5
 Iskenderun's Battlesphe  Conj           30%        2d8       22%         5
 Lightning Bolt           Conj/Air       15%        1d29      22%         5
 Manifold Assault         Tloc           30%        N/A       22%         5
 Iron Shot                Conj/Erth      15%        9d4       75%         6
 Starburst                Conj/Fire      15%        6d6       75%         6
 Spellforged Servitor     Conj/Summ      15%        N/A       100%        7
 Storm Form               Tmut/Air       15%        N/A       100%        7
 Ignition                 Fire           15%        3d6       100%        8


Dungeon Overview and Level Annotations

Branches:
Dungeon (15/15)            Temple (0/1) D:6            Lair (5/5) D:9
 Shoals (4/4) Lair:2       Spider (4/4) Lair:2        Slime (0/5) Lair:5
    Orc (2/2) D:12            Elf (0/3) Orc:2        Vaults (0/5) D:14
 Depths (2/4) D:15          Sewer (visited)           IceCv (visited)

Shops:
D:8 (**?   Orc:1 *   Orc:2 [!![   Shoals:2 ?   Shoals:4 [

Portals:
Hell: Depths:1
Pandemonium: Depths:2

Annotations:
D:6 10 exclusions
Lair:1 2 transporters, Imnulubo's ghost, novice TeFE
Lair:5 1 runed translucent door


Innate Abilities, Weirdness & Mutations

You have an increased reservoir of magic. (+10% MP)
You shall have no god before yourself.
Your divine heritage dramatically boosts your attributes as you level up.


Message History

The shadow dragon bites your tentacled monstrosity simulacrum!!
The shadow dragon claws your tentacled monstrosity simulacrum!
Your tentacled monstrosity simulacrum vaporises!
Your hell knight simulacrum barely misses the shadow dragon.
Unknown command.
Your tentacled monstrosity simulacrum tentacle-slaps the shadow dragon.
Your tentacled monstrosity simulacrum freezes the shadow dragon.
The shadow dragon resists.
Your tentacled monstrosity simulacrum closely misses the shadow dragon.
Your tentacled monstrosity simulacrum tentacle-slaps the shadow dragon.
Your tentacled monstrosity simulacrum freezes the shadow dragon!
The shadow dragon resists.
Your tentacled monstrosity simulacrum grabs the shadow dragon.
Your tentacled monstrosity simulacrum constricts the shadow dragon.
The shadow dragon breathes negative energy at you.
The bolt of negative energy hits your hell knight simulacrum.
Your hell knight simulacrum completely resists.
The bolt of negative energy hits Margery.
Margery completely resists.
The bolt of negative energy hits you!!!
You feel drained.
* * * LOW HITPOINT WARNING * * *
Blink to where?
Press: ? - help, Dir - move target, p - shadow dragon
As you read the scroll of blinking, it crumbles to dust.
There is a large open door here.
You see here 4 large rocks.
You close the large door, pushing everything out of the way.
You see here a +0 battleaxe of freezing.
As you read the scroll of teleportation, it crumbles to dust.
You feel strangely unstable.
Your surroundings suddenly seem different. 2 spriggan defenders, 2 spriggan riders and a spriggan air mage come into view.
A spriggan defender is wielding a +2 flail of protection.
Found an ornate altar of the Wu Jian Council.
The spriggan rider shouts! x2; The spriggan defender shouts!
The spriggan rider throws a stone.
The stone misses you.
The spriggan rider throws a stone.
The stone hits you.
* * * LOW HITPOINT WARNING * * *
The spriggan defender hits you with a +5 quick blade!!
You die...

.....# #....# #....#
#<[..# ######### #))..##
#~~~i~~~# #....<##
#~~~~~~~# #......#####
#ii~~~..# #........#.#
#..~.~..# #.######.#.#
#@i.....#
#.######.#.#..i........#
#........#.#..##.......#
#.########.#####.......#
#..............#.♣_....#
#.########.#####........
#.# #.# #.......### #.#
#.# #########.# #.# #.#
#..#


You could see 2 spriggan defenders, 2 spriggan riders and a spriggan air mage
(wandering, repels missiles).

Vanquished Creatures
  Rupert (Orc:2)
  Jorgrun (Orc:1)
  A lich (Depths:1)
  A kraken (Shoals:2)
  Polyphemus (Shoals:2)
  Gastronok (Lair:1)
  A tengu reaver (Depths:2)
  Ilsuiw (Shoals:2)
  3 ghost moths
  A frost giant (Shoals:3)
  2 emperor scorpions (Spider:3)
  A fire giant (Depths:1)
  A broodmother (Spider:1)
  3 stone giants
  2 entropy weavers
  A vampire knight (Depths:1)
  2 spark wasps
  An ettin (Depths:2)
  The ghost of ababab the Jinx, a journeyman FeEn of Dithmenos (Spider:2)
  5 merfolk javelineers
  9 merfolk impalers
  A fire dragon (D:14)
  A rakshasa (Depths:1)
  6 hydras
  2 ogre magi (Orc:2)
  4 vault guards (D:14)
  6 merfolk aquamancers
  3 boulder beetles
  3 catoblepae
  3 alligator snapping turtles (Shoals:4)
  3 radroaches
  8 death yaks
  A satyr (Shoals:4)
  3 merfolk avatars
  4 centaur warriors
  5 deep troll shamans
  2 tengu warriors
  8 two-headed ogres
  3 deep troll earth magi
  A spriggan berserker (Depths:1)
  An iron troll (Depths:1)
  3 hell knights (Depths:2)
  3 sun demons (Shoals:1)
  Sonja (Orc:2)
  2 skeletal warriors
  4 pharaoh ants
  Lodul (D:9)
  2 sun moths
  4 deep trolls
  6 steelbarb worms
  10 sea snakes
  An orb spider (Spider:1)
  2 bog bodies (IceCv)
  2 lindwurms
  3 harpies (Shoals:3)
  Pikel (D:8)
  2 deep elf pyromancers
  A phantasmal warrior (D:15)
  A sphinx zombie (D:15)
  6 orc knights
  An oklob plant (Lair:2)
  9 wolf spiders
  23 ugly things
  3 orc sorcerers (Orc:2)
  A frost giant zombie (D:15)
  2 necromancers
  22 manticores
  2 moths of wrath (Spider:2)
  5 cyclopes
  6 fauns
  17 elephants
  A fire giant skeleton (D:15)
  7 merfolk sirens
  6 black mambas
  A guardian serpent (D:12)
  5 water nymphs
  An ice statue (IceCv)
  9 cane toads
  3 gargoyles
  3 unseen horrors
  A torpor snail (Spider:3)
  A cane toad (shapeshifter) (D:15)
  A demonic crawler (Spider:1)
  Psyche (D:8)
  11 yaktaurs
  8 komodo dragons
  An ice devil (IceCv)
  A queen bee (Spider:2)
  2 anaconda simulacra (IceCv)
  6 rime drakes
  29 merfolk
  5 tengu conjurers
  2 hornets
  5 trolls
  6 wind drakes (Shoals:4)
  8 meliai
  12 tarantellas
  3 dream sheep (Shoals:3)
  5 snapping turtles
  20 blink frogs
  10 slime creatures (D:12)
  13 jumping spiders
  2 vampires
  2 dire elephant simulacra (IceCv)
  20 water elementals
  12 culicivoras
  An ettin skeleton (D:15)
  3 wraiths
  20 yaks
  A basilisk (Lair:2)
  4 wyverns
  5 steam dragons
  2 vampire mosquitoes (D:13)
  3 death yak simulacra (IceCv)
  30 redbacks
  3 wargs (Orc:2)
  14 water moccasins
  4 acid dragons
  2 hydra simulacra (IceCv)
  20 orc warriors
  3 ice beasts
  A sky beast (D:7)
  3 black bears
  18 wolves
  24 ogres
  7 centaurs
  3 lemures (D:8)
  4 kobold brigands
  4 gnoll sergeants
  11 bullfrogs
  5 two-headed ogre simulacra (IceCv)
  2 scorpions
  2 cane toad simulacra (IceCv)
  6 wights
  2 jellies (D:6)
  33 killer bees
  3 elephant simulacra
  5 electric eels
  4 howler monkeys
  4 hounds
  10 orc priests
  Crazy Yiuf (D:3)
  4 gnoll boudas
  Jessica (D:2)
  21 orc wizards
  5 iguanas
  3 hell rats (Lair:1)
  7 troll simulacra (IceCv)
  5 spriggan simulacra (IceCv)
  4 wolf simulacra
  3 polar bear simulacra
  23 adders
  25 gnolls
  6 river rats
  A naga simulacrum (IceCv)
  6 white imps (IceCv)
  10 ufetubi
  2 dart slugs
  78 orcs
  8 bats
  7 endoplasms
  12 giant cockroaches
  7 goblins
  6 hobgoblins
  4 jackals (D:1)
  14 kobolds
  10 quokkas
  9 ball pythons
  7 frilled lizards
  6 rats
  A bush (Lair:2)
  A tentacle (Shoals:2)
1040 creatures vanquished.

Vanquished Creatures (collateral kills)
  Margery (Depths:2)
  2 tentacled monstrosities (Depths:2)
  A titan (Depths:2)
  A sphinx (Depths:2)
  A tengu reaver (Depths:1)
  2 fire giants
  4 emperor scorpions
  4 frost giants
  2 ghost moths (Spider:4)
  Aizul (Depths:1)
  A broodmother (Spider:1)
  9 very ugly things (Depths:1)
  8 stone giants
  4 entropy weavers
  2 spark wasps
  An ettin (Depths:1)
  3 fire dragons (Depths:1)
  3 ice dragons
  A boulder beetle (Spider:3)
  2 ogre magi (Orc:2)
  A jorogumo (Spider:4)
  3 radroaches
  3 deep troll shamans (Depths:2)
  8 two-headed ogres (Orc:2)
  A tengu warrior (Depths:1)
  4 deep troll earth magi (Depths:2)
  A spriggan berserker (Depths:1)
  2 hell knights (Depths:2)
  7 pharaoh ants
  4 iron trolls (Depths:2)
  7 steelbarb worms
  6 deep trolls (Depths:2)
  6 orb spiders
  21 wolf spiders
  3 ugly things
  A moth of wrath (Spider:2)
  2 torpor snails
  An orange demon (Depths:2)
  6 demonic crawlers
  3 tengu conjurers (Depths:1)
  10 meliai
  8 tarantellas
  17 culicivoras
  26 jumping spiders
  A spriggan (Depths:1)
  37 redbacks
  10 ogres (Orc:2)
  4 killer bees (Spider:2)
256 creatures vanquished.

Vanquished Creatures (others)
  2 very ugly things (Depths:1)
  An ettin (Depths:1)
  2 ugly things (Depths:1)
  A dream sheep (Shoals:3)
  A culicivora (Spider:1)
  26 fungi
  182 plants
  4 tentacles (Shoals:2)
  5 withered plants
224 creatures vanquished.

Grand Total: 1520 creatures vanquished

Notes
Turn   | Place    | Note
-------+----------+-------------------------------------------
     0 | D:1      | Gabide the Demigod Ice Elementalist began the quest for the
                  | Orb.
     0 | D:1      | Reached XP level 1. HP: 14/14 MP: 5/5
    91 | D:1      | Reached XP level 2. HP: 6/20 MP: 5/8
  1003 | D:1      | Reached XP level 3. HP: 26/26 MP: 6/10
  1832 | D:2      | Noticed Jessica
  1852 | D:2      | Killed Jessica
  1853 | D:2      | Reached XP level 4. HP: 14/33 MP: 5/12
  2031 | D:2      | Learned a level 3 spell: Frozen Ramparts
  2035 | D:2      | Learned a level 3 spell: Ozocubu's Armour
  2379 | D:3      | Reached skill level 4 in Ice Magic
  2385 | D:3      | Found a glowing drain.
  2389 | D:3      | Reached skill level 1 in Fighting
  2399 | Sewer    | Entered a sewer
  2625 | Sewer    | Reached XP level 5. HP: 27/40 MP: 7/14
  2983 | Sewer    | Reached skill level 1 in Short Blades
  3310 | D:3      | Found a runed translucent door.
  3311 | D:3      | Noticed Crazy Yiuf
  3318 | D:3      | Killed Crazy Yiuf
  3982 | D:3      | Reached XP level 6. HP: 49/49 MP: 9/15
  5369 | D:5      | Entered Level 5 of the Dungeon
  5477 | D:5      | Reached XP level 7. HP: 56/56 MP: 14/16
  5723 | D:5      | Reached skill level 5 in Ice Magic
  5729 | D:5      | Identified the +0 ring mail "Nepad" {Harm}
  6750 | D:6      | Reached XP level 8. HP: 62/63 MP: 13/18
  6781 | D:6      | Found a staircase to the Ecumenical Temple.
  7112 | D:6      | Reached skill level 6 in Ice Magic
  7239 | D:6      | Reached skill level 5 in Spellcasting
  8524 | D:8      | Noticed Psyche
  8533 | D:8      | Killed Psyche
  8534 | D:8      | Reached skill level 7 in Ice Magic
  8534 | D:8      | Reached XP level 9. HP: 44/72 MP: 10/20
  8999 | D:8      | Found Qusaedo's Magic Scroll Shop.
  9001 | D:8      | Found Kogoos's General Store.
  9001 | D:8      | Found Tiene Irph's General Store.
  9145 | D:8      | Found Tengiust's Weapon Shop.
  9147 | D:8      | Bought a scroll of enchant armour for 97 gold pieces
  9153 | D:8      | Bought a ring of see invisible for 150 gold pieces
  9161 | D:8      | Bought a scroll of enchant weapon for 97 gold pieces
  9161 | D:8      | Bought 3 scrolls of identify for 78 gold pieces
  9309 | D:8      | Noticed a two-headed ogre
  9420 | D:8      | Killed a two-headed ogre
  9421 | D:8      | Reached skill level 5 in Fighting
  9421 | D:8      | Reached skill level 5 in Short Blades
  9421 | D:8      | Reached skill level 5 in Dodging
  9421 | D:8      | Reached skill level 8 in Ice Magic
 10033 | D:8      | Noticed Pikel
 10040 | D:8      | Killed Pikel
 10555 | D:9      | Reached XP level 10. HP: 66/81 MP: 17/23
 10689 | D:9      | Noticed a six-headed hydra
 10696 | D:9      | Killed a six-headed hydra
 10697 | D:9      | Noticed a centaur warrior
 10711 | D:9      | Killed a centaur warrior
 10712 | D:9      | Reached skill level 9 in Ice Magic
 10735 | D:9      | Noticed a catoblepas
 10743 | D:9      | Killed a catoblepas
 10780 | D:9      | Noticed a purple ugly thing
 10787 | D:9      | Killed a purple ugly thing
 10791 | D:9      | Noticed a cyan ugly thing
 10823 | D:9      | Killed a cyan ugly thing
 11242 | D:9      | Learned a level 4 spell: Hailstorm
 11299 | D:9      | Identified the +1 robe of Kuriopp {rC+}
 11600 | D:9      | Paralysed by a hornet for 3 turns
 11796 | D:9      | Found a staircase to the Lair.
 11815 | D:9      | Reached XP level 11. HP: 67/91 MP: 15/25
 11903 | D:9      | You are sucked into a shaft and drop 2 floors!
 12175 | D:12     | Reached skill level 10 in Ice Magic
 12218 | D:12     | Noticed a two-headed ogre
 12226 | D:12     | Killed a two-headed ogre
 12483 | D:12     | Noticed a boulder beetle
 12635 | D:11     | Noticed a two-headed ogre
 12650 | D:11     | Killed a two-headed ogre
 12677 | D:11     | Noticed a two-headed ogre
 12689 | D:11     | Killed a two-headed ogre
 13546 | D:11     | Noticed a two-headed ogre
 13554 | D:11     | Killed a two-headed ogre
 13555 | D:11     | Reached skill level 11 in Ice Magic
 13836 | D:10     | Entered Level 10 of the Dungeon
 13898 | D:10     | Noticed a two-headed ogre
 13908 | D:10     | Killed a two-headed ogre
 14030 | D:10     | Noticed Lodul
 14103 | D:9      | Killed Lodul
 14578 | Lair:1   | Entered Level 1 of the Lair of Beasts
 14688 | Lair:1   | Reached XP level 12. HP: 101/101 MP: 23/28
 14867 | Lair:1   | Got Zinwett's Anthology of the Stormy Boulder
 14917 | Lair:1   | Found a transporter.
 15257 | Lair:1   | Noticed Gastronok
 15276 | Lair:1   | Killed Gastronok
 15277 | Lair:1   | Reached skill level 12 in Ice Magic
 15437 | Lair:1   | Noticed a four-headed hydra
 15469 | Lair:1   | Killed a four-headed hydra
 15607 | Lair:1   | Found a transporter.
 15608 | Lair:1   | Noticed Imnulubo's ghost (novice TeFE)
 16175 | Lair:1   | Learned a level 2 spell: Blink
 17021 | Lair:2   | Found a staircase to the Shoals.
 17077 | Lair:2   | Found a hole to the Spider Nest.
 18546 | Lair:3   | Reached skill level 13 in Ice Magic
 18591 | Lair:3   | Found a frozen archway.
 18636 | IceCv    | Entered an ice cave
 18815 | IceCv    | Reached XP level 13. HP: 72/111 MP: 16/30
 23553 | Lair:4   | Identified the +6 plate armour of Kiovusch {rC+ rN+ Int+4}
 24322 | Lair:5   | Entered Level 5 of the Lair of Beasts
 24640 | Lair:5   | Reached skill level 14 in Ice Magic
 24913 | Lair:5   | Reached skill level 10 in Fighting
 24921 | Lair:5   | Reached skill level 10 in Dodging
 25286 | Lair:5   | Found a runed translucent door.
 25287 | Lair:5   | Found a staircase to the Slime Pits.
 25287 | Lair:5   | Noticed an acid blob
 25877 | Lair:5   | Identified the +0 chain mail of Tinoirie {rC+}
 26398 | D:10     | Reached skill level 10 in Spellcasting
 26739 | D:12     | Reached XP level 14. HP: 121/121 MP: 23/32
 26997 | D:12     | Identified the ring of the Middle {rN+ rCorr MP+9 Dex-4
                  | Stlth+}
 27226 | D:12     | Found a staircase to the Orcish Mines.
 28552 | D:13     | Identified the +4 scale mail of Insatiable Hunger {rC+}
 29036 | D:14     | Reached skill level 15 in Ice Magic
 29347 | D:13     | Identified 4 scrolls of acquirement
 29348 | D:13     | Acquired 657 gold pieces
 29350 | D:13     | Acquired the +2 cloak "Ucib" {rF+ Dex+7}
 29364 | D:13     | Acquired a book of Ice
 29372 | D:13     | Learned a level 5 spell: Freezing Cloud
 29372 | D:13     | Acquired the amulet "Laphu" {RegenMP rC++ Int+2}
 30140 | D:14     | Found a gate to the Vaults.
 30365 | D:14     | Reached skill level 1 in Staves
 31125 | D:15     | Entered Level 15 of the Dungeon
 31340 | D:15     | Found a staircase to the Depths.
 31347 | D:15     | Reached skill level 5 in Staves
 32011 | Orc:1    | Entered Level 1 of the Orcish Mines
 32181 | Orc:1    | Noticed Jorgrun
 32201 | Orc:1    | Killed Jorgrun
 32202 | Orc:1    | Reached XP level 15. HP: 73/129 MP: 14/35
 32280 | Orc:1    | Found Hugaij's General Store.
 32474 | Orc:2    | Entered Level 2 of the Orcish Mines
 32493 | Orc:2    | Noticed Sonja
 32500 | Orc:2    | Killed Sonja
 32511 | Orc:2    | Found a staircase to the Elven Halls.
 32706 | Orc:2    | Found Xeleom's Distillery.
 32706 | Orc:2    | Found Ifoafuga's Antique Armour Emporium.
 32749 | Orc:2    | Found Ygapudwe's Antique Armour Shoppe.
 32749 | Orc:2    | Found Piokoutz's Distillery.
 32789 | Orc:2    | Bought a potion of heal wounds for 55 gold pieces
 32789 | Orc:2    | Bought 2 potions of heal wounds for 110 gold pieces
 32789 | Orc:2    | Bought a potion of curing for 33 gold pieces
 32789 | Orc:2    | Bought a potion of curing for 33 gold pieces
 32789 | Orc:2    | Bought a potion of haste for 110 gold pieces
 32789 | Orc:2    | Bought a potion of curing for 33 gold pieces
 33043 | Orc:2    | Paralysed by an orc sorcerer for 4 turns
 33050 | Orc:2    | Reached skill level 10 in Staves
 33172 | Orc:2    | Noticed Rupert
 33184 | Orc:2    | Killed Rupert
 33466 | Orc:2    | Bought a potion of curing for 48 gold pieces
 33466 | Orc:2    | Bought a potion of mutation for 128 gold pieces
 33466 | Orc:2    | Bought a potion of brilliance for 64 gold pieces
 33469 | Orc:2    | Bought a runed robe for 107 gold pieces
 33663 | Shoals:1 | Entered Level 1 of the Shoals
 34053 | Shoals:1 | Reached skill level 1 in Evocations
 35009 | Shoals:2 | Noticed Ilsuiw
 35027 | Shoals:2 | Killed Ilsuiw
 35028 | Shoals:2 | Reached skill level 5 in Evocations
 35029 | Shoals:2 | Noticed Polyphemus
 35046 | Shoals:2 | Killed Polyphemus
 35228 | Shoals:2 | Noticed a kraken
 35234 | Shoals:2 | Killed a kraken
 35475 | Shoals:2 | Found Fumid's Magic Scroll Shoppe.
 35523 | Shoals:2 | Bought a scroll of enchant armour for 120 gold pieces
 35523 | Shoals:2 | Bought a scroll of teleportation for 48 gold pieces
 35523 | Shoals:2 | Bought a scroll of teleportation for 48 gold pieces
 35523 | Shoals:2 | Bought a scroll of teleportation for 48 gold pieces
 35546 | Shoals:2 | Reached XP level 16. HP: 127/137 MP: 23/36
 35590 | Shoals:2 | Identified the +5 plate armour of Servitude {MP+9 Int+3}
 36841 | Shoals:4 | Entered Level 4 of the Shoals
 37102 | Shoals:4 | Reached skill level 10 in Evocations
 37606 | Shoals:4 | Identified the +8 broad axe of Calamity {flame, Drain rElec
                  | rCorr Dex+5}
 37969 | Shoals:4 | Found Recrump's Antique Armour Emporium.
 37977 | Shoals:4 | Bought a pair of glowing boots for 225 gold pieces
 38221 | Shoals:4 | Got a barnacled rune of Zot
 38414 | Shoals:4 | Learned a level 6 spell: Simulacrum
 38698 | Spider:1 | Entered Level 1 of the Spider Nest
 39925 | Spider:1 | Reached skill level 16 in Ice Magic
 41807 | Spider:2 | Reached skill level 17 in Ice Magic
 41855 | Spider:2 | Reached XP level 17. HP: 107/143 MP: 30/37
 42079 | Spider:2 | Found a runed translucent door.
 42079 | Spider:2 | Noticed ababab's ghost (journeyman FeEn)
 42117 | Spider:2 | Killed ababab's ghost
 43131 | Spider:2 | HP: 5/140 [poisoned by a redback]
 43570 | Spider:2 | You are sucked into a shaft and drop 1 floor!
 44814 | Spider:2 | Got the Omnibus of Spellbinding Weather
 45131 | Spider:3 | Reached skill level 18 in Ice Magic
 45293 | Spider:3 | Identified the +1 ring mail "Duffaw" {rCorr SInv}
 46740 | Spider:4 | Entered Level 4 of the Spider Nest
 47213 | Spider:4 | Reached skill level 19 in Ice Magic
 48580 | Spider:4 | Reached skill level 20 in Ice Magic
 48681 | Spider:4 | Got a gossamer rune of Zot
 49167 | Depths:1 | Entered Level 1 of the Depths
 49178 | Depths:1 | Reached XP level 18. HP: 151/151 MP: 35/38
 49380 | Depths:1 | Noticed Aizul
 49399 | Depths:1 | Killed Aizul
 49867 | Depths:1 | Reached skill level 21 in Ice Magic
 49879 | Depths:1 | Found a gateway to Hell.
 50832 | Depths:1 | Learned a level 9 spell: Polar Vortex
 51375 | Depths:2 | Found a one-way gate leading to the halls of Pandemonium.
 51500 | Depths:2 | Reached skill level 22 in Ice Magic
 51618 | Depths:2 | Noticed Margery
 51627 | Depths:2 | Killed Margery
 51642 | Depths:2 | Noticed a tentacled monstrosity
 51648 | Depths:2 | Noticed a tentacled monstrosity
 51650 | Depths:2 | Killed a tentacled monstrosity
 51653 | Depths:2 | Killed a tentacled monstrosity
 51684 | Depths:2 | HP: 7/141 [spriggan rider/stone (4)]
 51684 | Depths:2 | Demolished by a spriggan defender

Illustrated notes

Levels and vault maps discovered:
D:1:      minmay_arrival_stair_chambers, layout_basic,
          shapermc_ecumenical_altar_mp_urbaneastern, dreamdust_princess_bridge,
          minmay_tromino_v7
D:2:      layout_rooms, reono_crystal_passage, kennysheep_generic_room_16,
          uniq_jessica
D:3:      layout_loops_ring, mainiacjoe_overflow_tiny_flanked,
          cheibrodos_sewer_entry_sluice, cheibrodos_gnoll_hut,
          uniq_crazy_yiuf_cottage
D:4:      layout_basic, old_standard_altar, nicolae_dithmenos_the_darkroom
D:5:      layout_cave_pools
D:6:      layout_basic, minmay_temple_entry_proselytizer,
          serial_co_window_serial, co_window_corner_a, co_window_corner_a,
          co_window_corner_a, co_window_paths_b, co_window_corner_a,
          co_window_corner_b, co_window_corner_cb, co_window_2corner,
          co_window_of_opportunity_b, glass_columns_c, glass_columns_a,
          glass_columns_a, glass_columns_b
D:7:      layout_basic
D:8:      layout_basic, minmay_shop_grid_forest, uniq_pikel, uniq_psyche
D:9:      minmay_the_grid_octo_2x2 [minmay_the_grid_octo_thin_diamonds,
          minmay_the_grid_octo_chip, minmay_the_grid_octo_checkered,
          minmay_the_grid_octo_prize_star], layout_stronghold,
          nrook_pool_corridor, minmay_misc_feat_encased
D:10:     layout_rooms, ashenzari_altar_1, uniq_lodul
D:11:     minmay_skewed_foursquare, layout_loops_cross, st_stairs_10
D:12:     layout_rooms, kennysheep_orc_monster_closet_entryway,
          nrook_guardian_serpent_double
D:13:     layout_gridville, nicolae_figureground_sparkle
D:14:     layout_loops_corners, grunt_vaults_entry_fortified,
          kennysheep_two_boxes
D:15:     gammafunk_depths_entry_grave, layout_rooms
Lair:1:   minmay_lair_venomous_thicket, layout_loops_ring,
          gammafunk_ghost_arena, chequers_serial_rivers_micro_c,
          kennysheep_abandoned_house, infiniplex_staircase_pool_2,
          uniq_gastronok
Lair:2:   layout_cave_pods, elwin_shoals_entry_rocks,
          spider_nest_entry_web_field, minmay_lair_oklob_items,
          cheibrodos_lair_caveside_slide, serial_bayou_lagoon_b,
          serial_bayou_shore_b
Lair:3:   layout_cave_pods, portal_ice_cave_entry_ice_simulacra
Lair:4:   layout_small_grid
Lair:5:   grunt_lair_end_beastmaster, layout_misc_corridors, slime_entry_2
Shoals:1: layout_shoals, nicolae_shoals_sun_and_surf
Shoals:2: layout_shoals, serial_shops, shop, uniq_ilsuiw, uniq_polyphemus
Shoals:3: layout_shoals, nzn_prometheus_bound
Shoals:4: shoals_end_grunt_ice, layout_shoals, serial_shops, shop
Spider:1: layout_spider_delve, drop_trap
Spider:2: layout_cave_pods, gammafunk_ghost_grave, special_room
          [special_room_bee], nicolae_spider_twisty_arc_passages
Spider:3: layout_cave_pods
Spider:4: grunt_spider_rune_parallel
Orc:1:    layout_diamond_mine, serial_shops, nicolae_diamond_shop, uniq_jorgrun
Orc:2:    st_orc_ogre_mass, layout_diamond_mine, basic_altar, uniq_rupert,
          uniq_sonja
Depths:1: layout_basic, lemuel_doored_altar, pf_coc_iceberg,
          xom_confusion_cloud, serial_bayou_shore_b, uniq_aizul
Depths:2: lemuel_castle_with_subvaults [lemuel_castle_interior_carwin_2],
          layout_basic, enter_ziggurat_a, serial_shops, nicolae_lakefront_shop,
          nicolae_shop_competitors_out_of_business, nicolae_shop_hallway_plus,
          shop_fountains, shop, grunt_metal_band, grunt_pan_entry_zigzag,
          nzn_wu_jian_contemplation, minmay_shop_grove

Skill      XL: |  1  2  3  4  5  6  7  8  9 10 11 12 13 14 15 16 17 18 |
---------------+-------------------------------------------------------+-----
Spellcasting   | 2 3 4 5 6 8 9 10 11 12 | 12.2
Ice Magic      | 4 5 7 8 9 11 13 14 15 17 20 22 | 22.0
Fighting       | 1 2 3 4 5 6 7 9 10 11 | 11.0
Dodging        | 2 3 4 5 6 7 9 10 11 | 11.0
Stealth        | 2 |  2.0
Short Blades   | 2 3 4 5 6 |  6.5
Staves         | 7 11 | 11.0
Evocations     | 7 11 | 11.0

Action                   |  1- 3 |  4- 6 |  7- 9 | 10-12 | 13-15 | 16-18 || total
-------------------------+-------+-------+-------+-------+-------+-------++-------
Melee: Unarmed           |     6 |       |       |       |       |       ||     6
       Short sword       |     2 |    12 |    97 |   133 |   445 |     2 ||   691
       Punch             |       |       |     1 |       |       |       ||     1
       Staff             |       |       |       |       |   220 |   439 ||   659
Throw: Throwing net      |       |       |     2 |       |       |       ||     2
       Javelin           |       |       |       |     1 |       |       ||     1
 Cast: Freeze            |    61 |   110 |   128 |   259 |    80 |       ||   638
       Frozen Ramparts   |       |     5 |    28 |    57 |    25 |     7 ||   122
       Ozocubu's Armour  |       |     3 |    22 |    45 |    38 |    11 ||   119
       Hailstorm         |       |       |       |    73 |   429 |   189 ||   691
       Blink             |       |       |       |     2 |    48 |     3 ||    53
       Freezing Cloud    |       |       |       |       |    31 |   106 ||   137
       Simulacrum        |       |       |       |       |       |   176 ||   176
Evoke: Wand              |       |       |    15 |     2 |     1 |    16 ||    34
       Phial of floods   |       |       |       |       |     1 |       ||     1
  Use: Scroll            |       |    13 |    12 |     3 |    20 |     8 ||    56
       Potion            |       |       |     3 |     9 |     5 |    16 ||    33
 Stab: Sleeping          |       |       |     1 |       |     1 |       ||     2
       Petrified         |       |       |       |       |     9 |       ||     9
       Paralysed         |       |       |       |       |       |     7 ||     7
       Invisible         |       |       |       |       |       |     4 ||     4
       Distracted        |       |       |       |       |       |     1 ||     1
Armor: Robe              |    13 |    20 |    63 |     3 |    90 |   234 ||   423
       Steam dragon scal |       |       |    13 |    29 |       |       ||    42
       Troll leather arm |       |       |       |   122 |   219 |    30 ||   371
       Skin              |       |       |       |     4 |       |       ||     4
Dodge: Dodged            |    40 |    77 |   188 |   343 |   722 |   734 ||  2104
Block: Orb               |       |       |       |       |    63 |       ||    63
       Reflection        |       |       |       |       |     4 |       ||     4
